 Dungeon Crawl Stone Soup version 0.31-a0-180-g519b7de00c (webtiles) character file.

Game seed: 4916902697952437105

622 qw the Chopper (level 7, -4/44 HPs)
             Began as a Gargoyle Fighter on June 19, 2023.
             Slain by an ogre
             ... wielding a +0 giant club
              (15 damage)
             ... on level 5 of the Dungeon.
             The game lasted 00:01:56 (3258 turns).

qw the Chopper (Gargoyle Fighter)                   Turns: 3258, Time: 00:01:56

Health: -4/44      AC: 15    Str: 21    XL:     7   Next: 46%
Magic:  7/7        EV: 10    Int:  9    God:
Gold:   11         SH:  4    Dex:  9    Spells: 6/6 levels left

rFire   . . .        Y - +1 war axe
rCold   + . .        c - +0 buckler
rNeg    + + .        h - +1 scale mail {rC+}
rPois   inf          (no helmet)
rElec   +            f - +1 cloak
rCorr   .            o - +0 pair of gloves
SInv    .            (no boots)
Will    .....        g - amulet of faith Stlth
                     m - ring of positive energy
HPRegen 0.27/turn    (no ring)
MPRegen 0.10/turn

%: faith
@: about to teleport
A: sickness immunity, AC +4, negative energy resistance 1, electricity
resistance, torment resistance 1, petrification resistance
a: no special abilities


You were on level 5 of the Dungeon.
You visited 1 branch of the dungeon, and saw 5 of its levels.

You collected 201 gold pieces.
You spent 190 gold pieces at shops.


Innate Abilities, Weirdness & Mutations

You are immune to sickness and miasma.
Your stone body is resilient. (AC +4)
You are immune to poison.
You resist negative energy. (rN+)
You are resistant to electric shocks. (rElec)
You are resistant to unholy torment.
You are immune to petrification.


   Skills:
 - Level 4.3 Fighting
 + Level 6.5 Axes
 - Level 3.2 Armour
 - Level 2.0 Dodging
 - Level 3.2 Shields


You had 6 spell levels left.
You didn't know any spells.
Your spell library was empty.

Inventory:

Hand Weapons
 t - a +0 mace
 Y - a +1 war axe (weapon)
Armour
 c - a +0 buckler (worn)
 f - a +1 cloak (worn)
 h - a +1 scale mail of cold resistance (worn)
 o - a +0 pair of gloves (worn)
Jewellery
 g - an amulet of faith (around neck)
 m - a ring of positive energy (left hand)
 q - an amulet of the acrobat
Scrolls
 k - a scroll of identify
 s - a scroll of teleportation
Potions
 d - 3 potions of might
 e - a potion of heal wounds
 n - 2 potions of curing
 p - a potion of haste
 r - a potion of ambrosia {unknown}

Dungeon Overview and Level Annotations

Branches:
Dungeon (5/15)
 Temple: D:4-7

Altars:
Ru
Wu Jian

Shops:
D:4 *

Annotations:
D:3 1 runed translucent door, qw's ghost, amateur GrFi
D:5 exclusion: 4 dart slugs


Message History

A dart slug is nearby!
3191 ||| Stepping ~*~*~tactically~*~*~ (stealth).
You start resting.
A dart slug is nearby!
3194 ||| Stepping ~*~*~tactically~*~*~ (stealth).
You start resting.
A dart slug is nearby!
The dart slug launches a dart at you. The slug dart misses you.
You slash the dart slug!
You kill the dart slug!
You start resting.
HP restored.
An ogre comes into view. It is wielding a +0 giant club.
The ogre shouts!
You hear an angry hiss.
Enter note:
Enter note:
Enter note:
Enter note:
Enter note:
Enter note:
Enter note: You slash the ogre!
The ogre is heavily wounded.
The ogre hits you with a +0 giant club!
An orc wizard comes into view. It is wielding a +0 dagger.
You barely miss the ogre.
The ogre is heavily wounded.
The ogre hits you with a +0 giant club!
The orc wizard gestures wildly while chanting.
The orc wizard flickers and vanishes!
Deactivating autopickup; reactivate with Ctrl-A.
You hit the ogre.
The ogre is severely wounded.
The ogre hits you with a +0 giant club!
3258 ||| READING 2 scrolls of teleportation.
As you read the scroll of teleportation, it crumbles to dust.
You feel strangely unstable. The ogre hits you with a +0 giant club!
You die...

#.....###...%..#
##....##..##.###..
###......#..##...
###...........#
###.........#
#...#......
##...#....##
#...)O......
###.@.......
###....#.. ##?....
..... .#.. #


You could see an ogre.

Vanquished Creatures
  A black bear (D:4)
  2 phantoms
  2 scorpions
  2 jellies
  A sleepcap (D:4)
  Natasha (D:3)
  An orc wizard (D:3)
  3 adders (D:4)
  2 worms
  8 dart slugs
  2 orcs
  5 bats
  4 endoplasms
  9 giant cockroaches
  7 goblins
  7 hobgoblins
  4 jackals (D:3)
  3 quokkas
  4 ball pythons
  4 frilled lizards
  8 kobolds
  5 rats
85 creatures vanquished.

Notes
Turn   | Place    | Note
-------+----------+-------------------------------------------
     0 | D:1      | qw the Gargoyle Fighter began the quest for the Orb.
     0 | D:1      | Reached XP level 1. HP: 14/14 MP: 1/1
     0 | D:1      | 0 ||| qw: Version: 0.3-a-7-ge0c9b40
     0 | D:1      | 0 ||| qw: Game counter: 887
     0 | D:1      | 0 ||| qw: Always use a shield: true
     0 | D:1      | 0 ||| qw: God list: Okawaru
     0 | D:1      | 0 ||| qw: Allow faded altars: false
     0 | D:1      | 0 ||| qw: Do Orc after D:15 true
     0 | D:1      | 0 ||| qw: Do second Lair branch before Depths: true
     0 | D:1      | 0 ||| qw: Lair rune preference: random
     0 | D:1      | 0 ||| qw: Plans: Normal, Zot:1-4, Slime:5, God:TSO, Crypt,
                  | Tomb, Abyss, Pan, Hells, Win
     0 | D:1      | 0 ||| PLANNING D:1-11
   102 | D:1      | Reached skill level 2 in Axes
   106 | D:1      | 106 ||| Stepping ~*~*~tactically~*~*~ (stealth).
   174 | D:1      | 174 ||| FLEEEEING.
   175 | D:1      | 175 ||| FLEEEEING.
   224 | D:1      | Reached XP level 2. HP: 19/19 MP: 2/2
   602 | D:1      | Reached skill level 3 in Axes
   634 | D:1      | 634 ||| DROPPING +0 club.
   759 | D:1      | 759 ||| UPGRADING to +0 cloak.
   764 | D:1      | 764 ||| UPGRADING to amulet of faith.
   769 | D:1      | 769 ||| UPGRADING to ring of positive energy.
   770 | D:1      | 770 ||| READING scroll labelled ROGGECOSORPH.
   771 | D:1      | 771 ||| READING scroll labelled ASOUMYEFFARGH.
   772 | D:1      | 772 ||| READING scroll labelled VEK CAT LABYBO.
   789 | D:2      | Reached XP level 3. HP: 23/23 MP: 3/3
   890 | D:2      | 890 ||| Stepping ~*~*~tactically~*~*~ (hiding).
   891 | D:2      | 891 ||| Stepping ~*~*~tactically~*~*~ (hiding).
  1356 | D:2      | 1356 ||| Stepping ~*~*~tactically~*~*~ (stealth).
  1357 | D:2      | 1357 ||| Stepping ~*~*~tactically~*~*~ (stealth).
  1358 | D:2      | 1358 ||| Stepping ~*~*~tactically~*~*~ (stealth).
  1522 | D:2      | Found an ornate altar of the Wu Jian Council.
  1633 | D:2      | 1633 ||| READING 2 scrolls labelled FOYMME ERETOQISM.
  1634 | D:2      | 1634 ||| READING scroll of enchant armour.
  1634 | D:2      | 1634 ||| ENCHANTING +0 cloak.
  1635 | D:2      | 1635 ||| READING scroll labelled ESAZEC KUSO.
  1636 | D:2      | 1636 ||| READING scroll labelled HANYROH UGEM.
  1637 | D:2      | 1637 ||| READING scroll labelled PUPACU SIERO.
  1640 | D:2      | 1640 ||| READING 2 scrolls of identify.
  1640 | D:2      | 1640 ||| IDENTIFYING bubbling sapphire potion
  1672 | D:3      | 1672 ||| STAIRDANCE
  1718 | D:3      | 1718 ||| Stepping ~*~*~tactically~*~*~ (stealth).
  1738 | D:3      | 1738 ||| FLEEEEING.
  1738 | D:3      | Noticed qw's ghost (amateur GrFi)
  1760 | D:3      | Found a faded altar of an unknown god.
  1771 | D:3      | Found a runed translucent door.
  1794 | D:3      | Reached XP level 4. HP: 28/28 MP: 4/4
  1923 | D:3      | 1923 ||| DROPPING +0 whip.
  1951 | D:3      | Found a sacrificial altar of Ru.
  1960 | D:3      | Reached skill level 4 in Axes
  2018 | D:3      | 2018 ||| Stepping ~*~*~tactically~*~*~ (stealth).
  2168 | D:3      | Noticed a scorpion
  2169 | D:3      | 2169 ||| Stepping ~*~*~tactically~*~*~ (stealth).
  2172 | D:3      | Noticed Natasha
  2178 | D:3      | Killed Natasha
  2179 | D:3      | Reached XP level 5. HP: 27/32 MP: 5/5
  2180 | D:3      | Reached skill level 5 in Axes
  2276 | D:3      | 2276 ||| UPGRADING to +0 pair of gloves.
  2281 | D:3      | 2281 ||| DROPPING amulet of guardian spirit.
  2282 | D:3      | 2282 ||| READING 2 scrolls labelled LUULLE AMIA.
  2283 | D:3      | 2283 ||| READING scroll labelled ZOKIME WOMI.
  2284 | D:3      | 2284 ||| READING 2 scrolls of identify.
  2284 | D:3      | 2284 ||| IDENTIFYING sedimented grey potion
  2285 | D:3      | 2285 ||| DROPPING scroll of amnesia.
  2286 | D:3      | 2286 ||| DROPPING potion of brilliance.
  2389 | D:4      | Reached XP level 6. HP: 28/39 MP: 6/6
  2470 | D:4      | 2470 ||| Stepping ~*~*~tactically~*~*~ (stealth).
  2514 | D:4      | Noticed a black bear
  2525 | D:4      | Killed a black bear
  2869 | D:4      | Found Ocack's General Store.
  2873 | D:4      | 2873 ||| BUYING +1 scale mail of cold resistance (160
                  | gold).
  2873 | D:4      | Bought a +1 scale mail of cold resistance for 160 gold
                  | pieces
  2873 | D:4      | 2873 ||| SHOPLISTING +2 ring mail of Words of Power {rF+
                  | rC+} (350 gold, have 41).
  2873 | D:4      | 2873 ||| BUYING potion of curing (30 gold).
  2873 | D:4      | Bought a potion of curing for 30 gold pieces
  2954 | D:4      | Reached XP level 7. HP: 35/44 MP: 7/7
  3057 | D:4      | Reached skill level 6 in Axes
  3065 | D:4      | 3065 ||| UPGRADING to +1 scale mail of cold resistance.
  3075 | D:4      | 3075 ||| DROPPING +0 scale mail.
  3076 | D:4      | 3076 ||| READING scroll labelled DAHOQ JEFYEP.
  3077 | D:4      | 3077 ||| READING 2 scrolls of identify.
  3077 | D:4      | 3077 ||| IDENTIFYING fuming golden potion
  3098 | D:5      | Entered Level 5 of the Dungeon
  3132 | D:5      | 3132 ||| Stepping ~*~*~tactically~*~*~ (hiding).
  3191 | D:5      | 3191 ||| Stepping ~*~*~tactically~*~*~ (stealth).
  3194 | D:5      | 3194 ||| Stepping ~*~*~tactically~*~*~ (stealth).
  3257 | D:5      | HP: 11/44 [ogre/+0 giant club (10)]
  3258 | D:5      | 3258 ||| READING 2 scrolls of teleportation.
  3258 | D:5      | Slain by an ogre

Levels and vault maps discovered:
D:1:      dpeg_arrival_radiant, layout_loops_ring, minmay_misc_feat_chi,
          minmay_misc_feat_nine_boxes
D:2:      minmay_chambers_of_ones, layout_loops_cross, basic_altar
D:3:      layout_rooms, nicolae_ru_great_annihilating_truth,
          hellmonk_ghost_happy_afterlife,
          hellmonk_ecumenical_altar_inner_sanctum, uniq_natasha
D:4:      layout_basic, serial_shops, nicolae_shop_back_alley_shop
D:5:      kennysheep_slugbush, layout_cave_pools

Skill      XL: |  1  2  3  4  5  6  7 |
---------------+----------------------+-----
Axes           | 2 3 4 5 6 |  6.5
Fighting       | 4 |  4.3
Dodging        | 2 |  2.0
Armour         | |  3.2
Shields        | |  3.2

Action                     |  1- 3 |  4- 6 |  7- 9 || total
---------------------------+-------+-------+-------++-------
  Melee: War axe           |   111 |   122 |    34 ||   267
    Use: Scroll            |     9 |     3 |     3 ||    15
   Stab: Paralysed         |       |     2 |       ||     2
 Armour: Scale mail        |    50 |    71 |    23 ||   144
  Dodge: Dodged            |    44 |    64 |    17 ||   125
  Block: Buckler           |    18 |    15 |     9 ||    42

Table legend:
 A = Non-vault XP
 B = Vault XP
 C = Vault XP percentage of total XP
 D = Non-vault monster count
 E = Vault monster count
 F = Vault count percentage of total count
                 A         B        C        D         E       F
            +---------+---------+-------+---------+---------+-------
      Total |     787 |     102 |  11.5 |      70 |      15 |  17.6
            +---------+---------+-------+---------+---------+-------
        D:1 |      32 |       0 |   0.0 |      19 |       0 |   0.0
        D:2 |      30 |       8 |  21.1 |      14 |       5 |  26.3
        D:3 |     123 |      74 |  37.6 |      20 |       5 |  20.0
        D:4 |     451 |       0 |   0.0 |      15 |       0 |   0.0
        D:5 |     151 |      20 |  11.7 |       2 |       5 |  71.4
            +---------+---------+-------+---------+---------+-------
